 Dungeon Crawl Stone Soup version 0.30-a0-845-g7c6808c8ce (webtiles) character file.

Game seed: 8311105437123393422

106 jasper the Digger (level 4, -4/24 HPs)
             Began as a Deep Elf Earth Elementalist on Mar 2, 2023.
             Slain by an ice beast (10 damage)
             ... on level 3 of the Dungeon.
             The game lasted 00:02:46 (1785 turns).

jasper the Digger (Deep Elf Earth Elementalist)     Turns: 1785, Time: 00:02:46

Health: -4/24      AC:  2    Str:  5    XL:     4   Next: 55%
Magic:  4/10       EV: 12    Int: 22    God:
Gold:   110        SH:  0    Dex: 15    Spells: 2/9 levels left

rFire   . . .      SeeInvis .    f - +0 mace
rCold   . . .      Faith    .    (no shield)
rNeg    . . .      Spirit   .    a - +0 robe
rPois   +          Reflect  .    (no helmet)
rElec   .          Rampage  .    (no cloak)
rCorr   .                        (no gloves)
Will    .....                    (no boots)
Stlth   ++                       l - amulet of regeneration
HPRegen 1.04/turn                q - ring of poison resistance
MPRegen 0.12/turn                (no ring)

@: about to teleport
A: no striking features
a: no special abilities


You were on level 3 of the Dungeon.
You visited 1 branch of the dungeon, and saw 3 of its levels.

You collected 110 gold pieces.

Inventory:

Hand Weapons
 d - a +0 club
 f - a +0 mace (weapon)
Missiles
 e - 19 stones
 o - 2 throwing nets
Armour
 a - a +0 robe (worn)
Jewellery
 l - an amulet of regeneration (around neck)
 q - a ring of poison resistance (left hand)
Potions
 b - a potion of magic
 c - 2 potions of flight
 g - 2 potions of haste
 i - a potion of curing {unknown}
 j - 2 potions of cancellation {unknown}
 k - a potion of berserk rage {unknown}
 m - 2 potions of lignification {unknown}
 r - a potion of resistance {unknown}


   Skills:
 - Level 2.4 Dodging
 - Level 2.4 Stealth
 - Level 3.0 Spellcasting
 - Level 1.1 Transmutations
 + Level 5.9 Earth Magic


You had 2 spell levels left.
You knew the following spells:

 Your Spells              Type           Power      Damage    Failure   Level
a - Sandblast             Erth           58%        2d13      1%          1
b - Passwall              Tmut/Erth      15%        N/A       4%          2
c - Stone Arrow           Conj/Erth      32%        3d9       11%         3
d - Apportation           Tloc           6%         N/A       12%         1

Your spell library contained the following spells:

 Spells                   Type           Power      Damage    Failure   Level
 Necrotise                Necr           12%        1d4       12%         1
 Summon Small Mammal      Summ           12%        N/A       12%         1
 Petrify                  Tmut/Erth      18%        N/A       28%         4
 Airstrike                Air            1%         2d(1-17)  77%         4
 Summon Lightning Spire   Summ/Air       3%         N/A       77%         4
 Lightning Bolt           Conj/Air       1%         1d12      98%         5


Dungeon Overview and Level Annotations

Branches:
Dungeon (3/15)

Altars:


Message History

You now have 7/10 mp.
You start resting.
An adder is nearby!
Aiming: Sandblast (safe; 1% risk of failure)
Press: ? - help, Q - select action, (/) - cycle Shift-Dir - straight line, f - adder
Aim: an adder (72% to hit)
The blast of sand hits the adder!
The adder is almost dead.
You now have 6/10 mp.
Aiming: Sandblast (safe; 1% risk of failure)
Press: ? - help, Q - select action, (/) - cycle Shift-Dir - straight line, f/p - adder
Aim: an adder (almost dead, 72% to hit)
The blast of sand hits the adder!
You kill the adder!
Aiming: Sandblast (safe; 1% risk of failure)
Press: ? - help, Q - select action, (/) - cycle Shift-Dir - straight line, f - ice beast
Aim: an ice beast (83% to hit)
The blast of sand hits the ice beast.
The ice beast is lightly wounded.
The ice beast closely misses you.
You now have 5/10 mp.
Aiming: Sandblast (safe; 1% risk of failure)
Press: ? - help, Q - select action, (/) - cycle Shift-Dir - straight line, f/p - ice beast
Aim: an ice beast (lightly wounded, 83% to hit)
The blast of sand hits the ice beast but does no damage.
The ice beast is lightly wounded.
The ice beast barely misses you. The ice beast hits you.
The ice beast freezes you!
Ouch! That really hurt!
* * * LOW HITPOINT WARNING * * *
You take 18 damage, and have 6/24 hp.
MASSIVE DAMAGE!!
You now have 4/10 mp.
Okay, then.
As you read the scroll of teleportation, it crumbles to dust.
You feel strangely unstable.
The ice beast hits you but does no damage.
The ice beast attacks as you move away! The ice beast closely misses you.
The ice beast attacks as you move away! The ice beast hits you.
* * * LOW HITPOINT WARNING * * *
The ice beast freezes you!
You die...

...###.........#.# .
###..# ##.......##.# ..
....# ##.....###.# ...
#..# #.........# ....
#..#####...#######
.....#..........#
......†.#.####.#########
.....##Y#.# #..........
.... #@#.# ###########
..........# #
###..###.## # #. #.# #
#. #.# # .. #.# # . .# #
.# # #


You could see an ice beast.

Vanquished Creatures
  4 gnolls
  3 adders
  A dart slug (D:2)
  3 ball pythons
  6 endoplasms
  2 giant cockroaches
  5 goblins
  2 hobgoblins
  A quokka (D:2)
  4 bats
  4 frilled lizards
  3 kobolds
38 creatures vanquished.

Notes
Turn   | Place    | Note
-------+----------+-------------------------------------------
     0 | D:1      | jasper the Deep Elf Earth Elementalist began the quest for
                  | the Orb.
     0 | D:1      | Reached XP level 1. HP: 10/10 MP: 6/6
   224 | D:1      | Reached skill level 4 in Earth Magic
   224 | D:1      | Reached XP level 2. HP: 15/15 MP: 6/8
   245 | D:1      | Found a faded altar of an unknown god.
   589 | D:1      | Learned a level 2 spell: Passwall
   874 | D:2      | Reached XP level 3. HP: 19/19 MP: 3/9
   879 | D:2      | Learned a level 3 spell: Stone Arrow
  1058 | D:2      | Reached skill level 5 in Earth Magic
  1080 | D:2      | Reached XP level 4. HP: 24/24 MP: 2/10
  1671 | D:3      | Learned a level 1 spell: Apportation
  1777 | D:3      | Noticed an ice beast
  1785 | D:3      | Slain by an ice beast

Illustrated notes

Levels and vault maps discovered:
D:1:      denvon_arrival_waterhouse, layout_loops_ring,
          shapermc_ecumenical_altar_venn
D:2:      layout_basic
D:3:      layout_loops_ring, mrwooster_statue_mirror

Skill      XL: |  1  2  3 |
---------------+----------+-----
Earth Magic    | 4 5 |  5.9
Dodging        | |  2.4
Stealth        | |  2.4
Spellcasting   | |  3.0
Transmutations | |  1.1

Action                     |  1- 3 |  4- 6 || total
---------------------------+-------+-------++-------
   Cast: Sandblast         |    39 |    18 ||    57
    Use: Scroll            |     4 |     6 ||    10
 Armour: Robe              |     4 |     4 ||     8
  Dodge: Dodged            |    21 |     5 ||    26

Table legend: (Time is in decaauts)
 A = Elapsed time spent in this place.
 B = Non-inter-level travel time spent in this place.
 C = Inter-level travel time spent in this place.
 D = Time resting spent in this place.
 E = Time spent auto-exploring this place.
 F = Levels seen in this place.
 G = Mean time per level.
                   A        B        C        D        E       F      G
               +--------+--------+--------+--------+--------+-----+--------+
         Total |   1813 |   1765 |     48 |     66 |   1410 |   3 |  604.3 |
       Dungeon |   1813 |   1765 |     48 |     66 |   1410 |   3 |  604.3 |
               +--------+--------+--------+--------+--------+-----+--------+

Top non-repeatable levels by time:
     D:1: 861 daAuts
     D:2: 730 daAuts
     D:3: 220 daAuts
